 Dungeon Crawl Stone Soup version 0.21.1-1-g345015fe64 (webtiles) character file.

18734 ILYA101 the Severer (level 12, -6/108 HPs)
             Began as a Hill Orc Fighter on July 5, 2018.
             Was a Priest of the Shining One.
             Mangled by an ice devil (19 damage)
             ... summoned by an orc sorcerer
             ... led by an orc warlord
             ... on level 2 of the Orcish Mines.
             The game lasted 00:35:21 (11935 turns).

ILYA101 the Severer (Hill Orc Fighter)             Turns: 11935, Time: 00:35:22

Health: -6/108     AC:  3    Str: 26    XL:     12   Next: 61%
Magic:  17/17      EV:  7    Int: 11    God:    the Shining One [***...]
Gold:   1263       SH: 16    Dex: 14    Spells: 11/11 levels left

rFire    . . .     SeeInvis +   a - +3 war axe
rCold    . . .     Gourm    .   c - +4 shield
rNeg     + . .     Faith    .   s - +0 plate armour
rPois    .         Spirit   .   z - +2 helmet {Int+3}
rElec    .         Reflect  .   (no cloak)
rCorr    .         Harm     .   (no gloves)
MR       .....                  C - +1 pair of boots of Ypyrov {+Blink Dex+2}
Stlth    ..........             q - amulet of Elunn {+Rage Str+2 SInv}
HPRegen  0.28/turn              I - +2 ring of dexterity
MPRegen  0.15/turn              i - ring of see invisible

@: corroded, glowing, drained
A: no striking features
a: Divine Shield, Renounce Religion, Evoke Blink, Evoke Berserk Rage


You were on level 2 of the Orcish Mines.
You worshipped the Shining One.
The Shining One was most pleased with you.
You were hungry.

You visited 3 branches of the dungeon, and saw 14 of its levels.

You collected 1263 gold pieces.

Inventory:

Hand Weapons
 a - a +3 war axe (weapon)
 t - a +2 war axe
Armour
 b - a +0 scale mail
 c - a +4 shield (worn)
 d - a +0 pair of boots
 s - a +0 plate armour (worn)
 z - a +2 helmet of intelligence (worn)
 C - the +1 pair of boots of Ypyrov (worn) {+Blink Dex+2}
   (You found it on level 8 of the Dungeon)

   It affects your dexterity (+2).
   It lets you blink.
 J - a +0 troll leather armour
Jewellery
 i - a ring of see invisible (right hand)
 j - an uncursed ring of resist corrosion
 m - a +3 ring of intelligence
 q - the amulet of Elunn (around neck) {+Rage Str+2 SInv}
   (You found it on level 5 of the Dungeon)

   [amulet of rage]

   It affects your strength (+2).
   It lets you see invisible.
   It lets you go berserk.
 x - an uncursed ring of flight
 H - an uncursed ring of resist corrosion
 I - a +2 ring of dexterity (left hand)
Wands
 w - a wand of disintegration (14)
Scrolls
 g - 2 scrolls of magic mapping
 l - 3 scrolls of teleportation
 u - a scroll of blinking
 y - 4 scrolls of remove curse
Potions
 e - 7 potions of curing
 h - 2 potions of flight
 k - 3 potions of brilliance
 o - a potion of lignification
 p - a potion of heal wounds
 r - 4 potions of degeneration {unknown}
 v - a potion of agility {unknown}
 A - a potion of ambrosia {unknown}
 F - a potion of might
 G - a potion of magic {unknown}
Books
 n - a book of Flames

   Spells                             Type                      Level
   a - Flame Tongue                   Conjuration/Fire             1
   b - Throw Flame                    Conjuration/Fire             2
   c - Conjure Flame                  Conjuration/Fire             3
   d - Inner Flame                    Hexes/Fire                   3
   e - Sticky Flame                   Conjuration/Fire             4
   f - Fireball                       Conjuration/Fire             5
 B - a book of Enchantments

   Spells                             Type                      Level
   a - Cause Fear                     Hexes                        4
   b - Yara's Violent Unravelling     Hexes/Transmutation          5
   c - Silence                        Hexes/Air                    5
   d - Deflect Missiles               Charms/Air                   6
   e - Discord                        Hexes                        8
 D - a book of Maledictions

   Spells                             Type                      Level
   a - Corona                         Hexes                        1
   b - Ensorcelled Hibernation        Hexes/Ice                    2
   c - Confuse                        Hexes                        3
   d - Tukima's Dance                 Hexes                        3
   e - Dazzling Spray                 Conjuration/Hexes            3
Comestibles
 f - 16 rations


   Skills:
 + Level 10.6(10.2) Fighting
 + Level 15.6(15.2) Axes
 + Level 9.4(9.1) Armour
 + Level 1.4(1.1) Dodging
 + Level 0.5(0.2) Stealth
 + Level 10.1(9.8) Shields
 + Level 1.4(1.1) Invocations
 * Level 6.7(6.4) Evocations


You had 11 spell levels left.
You didn't know any spells.

Dungeon Overview and Level Annotations

Branches:
Dungeon (11/15)            Temple (1/1) D:4            Lair (0/6) D:8
    Orc (2/2) D:9             Elf (0/3) Orc:2

Altars:
Ashenzari
Cheibriados
Dithmenos
Elyvilon
Fedhas
Gozag
Hepliaklqana
Kikubaaqudgha
Makhleb
Nemelex Xobeh
Okawaru
Qazlal
Ru
Sif Muna
Trog
Uskayaw
Vehumet
Wu Jian
Xom
Yredelemnul
Zin
The Shining One
Beogh

Shops:
D:4 [   D:5 (   D:7 [   D:10 =


Message History

You barely miss the ice devil. You block the rust devil's attack.
You block the ice devil's attack. You block the orc sorcerer's attack.
You hit the orc sorcerer but do no damage.
The orc sorcerer is lightly wounded.
You hit the rust devil but do no damage.
You hit the ice devil but do no damage. You block the rust devil's attack.
The ice devil hits you.
* * * LOW HITPOINT WARNING * * *
The ice devil freezes you!
* * * LOW HITPOINT WARNING * * *
You block the orc sorcerer's attack. The rust devil hits you.
* * * LOW HITPOINT WARNING * * *
The rust devil corrodes you!
You see here a flail.
There is a stone staircase leading up, spattered with blood here.
The rust devil barely misses you. The ice devil hits you.
* * * LOW HITPOINT WARNING * * *
The ice devil freezes you!!
You die...

##...........#...###
##.#.^<.....#...##
#................##
#...#.#...........#
#................##
#....................
#........<...#.#...##
#....).)..........##
##....@4o....#.#..#
#......4.........####
#.....)..........#.8##'
#...##.........8.'.....
#...###....[.....'.....
##.............8.'.....
##..............#.8##
#.........>.....####
##.#.............#


You could see an ice devil, a rust devil and an orc sorcerer.

Vanquished Creatures
  An orc warlord (Orc:1)
  2 two-headed ogres
  3 death yaks
  3 orc high priests
  2 skeletal warriors (D:11)
  Pikel (D:5)
  2 orc knights
  2 centaur zombies
  Maurice (D:8)
  A centaur skeleton (D:10)
  5 trolls
  The ghost of AAA992 the Cudgeler, an amateur GrMo of Okawaru (D:4)
  2 hippogriffs
  5 yaks (D:9)
  2 hungry ghosts (D:9)
  2 wargs
  2 porcupines (D:8)
  An ice beast (D:6)
  4 slaves (D:5)
  20 orc warriors
  2 sky beasts (D:9)
  A black bear (D:9)
  A necrophage (D:11)
  A phantom (D:6)
  5 ogres
  4 centaurs
  A crocodile (D:10)
  3 big kobolds
  The ghost of dingdong the Digger, an amateur GrEE (D:3)
  7 bullfrogs
  A water moccasin skeleton (D:9)
  5 scorpions
  4 wights
  2 howler monkeys (D:6)
  A crimson imp (D:10)
  4 hounds
  9 orc priests
  5 jellies
  2 bullfrog skeletons
  2 iguanas
  13 orc wizards
  4 worker ants
  2 hell rats (D:8)
  A worker ant zombie (D:7)
  4 gnolls (D:3)
  9 adders
  3 river rats (D:8)
  2 shadow imps
  3 oozes
  2 adder skeletons (D:4)
  3 worms
  4 dart slugs
  4 leopard geckos
  62 orcs
  2 ball pythons
  8 bats
  2 giant cockroaches
  3 goblins
  8 hobgoblins
  24 jackals
  21 kobolds
  4 quokkas
  A ball python skeleton (D:4)
  3 frilled lizards
  A jackal skeleton (D:4)
  A leopard gecko zombie (D:7)
  A quokka skeleton (D:6)
  4 rats
322 creatures vanquished.

Notes
Turn   | Place    | Note
-------+----------+-------------------------------------------
     0 | D:1      | ILYA101 the Hill Orc Fighter began the quest for the Orb.
     0 | D:1      | Reached XP level 1. HP: 19/19 MP: 1/1
   275 | D:1      | Reached XP level 2. HP: 23/27 MP: 2/2
   672 | D:2      | Reached skill level 3 in Axes
   700 | D:2      | Found a faded altar of an unknown god.
   711 | D:2      | Reached XP level 3. HP: 33/33 MP: 3/3
   786 | D:2      | Reached XP level 4. HP: 25/40 MP: 4/4
  1442 | D:3      | Noticed dingdong's ghost (amateur GrEE)
  1470 | D:3      | Killed dingdong's ghost
  1470 | D:3      | Reached XP level 5. HP: 36/46 MP: 5/5
  1603 | D:3      | Found an iron altar of Okawaru.
  1610 | D:3      | Reached skill level 4 in Axes
  1974 | D:4      | Reached XP level 6. HP: 47/53 MP: 6/6
  2061 | D:4      | Noticed AAA992's ghost (amateur GrMo)
  2282 | D:3      | Reached skill level 5 in Shields
  2486 | D:4      | Found a staircase to the Ecumenical Temple.
  2490 | D:4      | Reached skill level 5 in Axes
  2508 | Temple   | Entered the Ecumenical Temple
  2657 | Temple   | Became a worshipper of the Shining One
  3094 | D:4      | Killed AAA992's ghost
  3094 | D:4      | Reached skill level 6 in Axes
  3094 | D:4      | Reached XP level 7. HP: 58/60 MP: 7/7
  3144 | D:4      | Found Ehutil's Armour Shop.
  3176 | D:5      | Entered Level 5 of the Dungeon
  3202 | D:5      | Got a smoking emerald amulet
  3228 | D:5      | Reached skill level 5 in Armour
  3238 | D:5      | Found Binoidue's Antique Weapon Shop.
  3288 | D:5      | Found a blossoming altar of Fedhas.
  3688 | D:5      | Found a bloodstained altar of Trog.
  3693 | D:5      | Found a burning altar of Makhleb.
  3693 | D:5      | Found a sparkling altar of Nemelex Xobeh.
  3701 | D:5      | Found a deep blue altar of Sif Muna.
  3701 | D:5      | Found a basalt altar of Yredelemnul.
  3729 | D:5      | Identified the amulet of Elunn {+Rage Str+2 SInv} (You found it on level 5 of the Dungeon)
  3821 | D:6      | Noticed Pikel
  3850 | D:5      | Killed Pikel
  3850 | D:5      | Reached skill level 5 in Fighting
  3850 | D:5      | Reached skill level 8 in Axes
  3850 | D:5      | Reached XP level 8. HP: 45/68 MP: 8/8
  4160 | D:6      | Reached skill level 9 in Axes
  4166 | D:6      | Reached * piety under the Shining One
  4428 | D:6      | Reached XP level 9. HP: 74/74 MP: 9/9
  4459 | D:6      | Reached skill level 10 in Axes
  4472 | D:6      | Found a snail-covered altar of Cheibriados.
  4863 | D:6      | Found a white marble altar of Elyvilon.
  4863 | D:6      | Found a hazy altar of Hepliaklqana.
  4868 | D:6      | Found an opulent altar of Gozag.
  5353 | D:7      | Found Doih's Armour Shoppe.
  5373 | D:7      | Reached skill level 11 in Axes
  5776 | D:8      | Noticed a death yak
  5776 | D:8      | Noticed a death yak
  5778 | D:8      | Found a staircase to the Lair.
  5779 | D:8      | Noticed a death yak
  5797 | D:7      | Killed a death yak
  6087 | D:7      | Reached XP level 10. HP: 86/86 MP: 10/10
  6117 | D:8      | Reached skill level 12 in Axes
  6166 | D:7      | HP: 2/86 [death yak (11)]
  6167 | D:7      | Killed a death yak
  6167 | D:7      | Reached skill level 1 in Dodging
  6520 | D:8      | Killed a death yak
  6972 | D:8      | Reached skill level 13 in Axes
  7014 | D:8      | Noticed Maurice
  7029 | D:8      | Killed Maurice
  7029 | D:8      | Reached skill level 1 in Evocations
  7400 | D:8      | Got a pair of translucent boots
  7411 | D:8      | Identified the +1 pair of boots of Ypyrov {+Blink Dex+2} (You found it on level 8 of the Dungeon)
  7443 | D:8      | You fall through a shaft for 3 floors!
  7474 | D:11     | Noticed a skeletal warrior
  7478 | D:11     | Noticed a skeletal warrior
  7530 | D:11     | Killed a skeletal warrior
  7540 | D:11     | Killed a skeletal warrior
  7540 | D:11     | Reached ** piety under the Shining One
  7540 | D:11     | Reached XP level 11. HP: 95/95 MP: 12/12
  7762 | D:10     | Entered Level 10 of the Dungeon
  7854 | D:10     | Found Ciwocani's Jewellery Boutique.
  7917 | D:10     | Reached skill level 14 in Axes
  8496 | D:9      | Found a staircase to the Orcish Mines.
  8764 | D:9      | Reached *** piety under the Shining One
  8805 | D:9      | Noticed a two-headed ogre
  8817 | D:9      | Killed a two-headed ogre
  9590 | Orc:1    | Entered Level 1 of the Orcish Mines
  9600 | Orc:1    | Noticed an orc knight
  9695 | D:9      | Killed an orc knight
  9754 | Orc:1    | Reached skill level 5 in Evocations
  9966 | Orc:1    | Noticed an orc high priest
  9978 | Orc:1    | Killed an orc high priest
  9978 | Orc:1    | Reached skill level 15 in Axes
  9978 | Orc:1    | Reached XP level 12. HP: 106/106 MP: 14/16
 10084 | Orc:1    | Noticed an orc high priest
 10084 | Orc:1    | Noticed a two-headed ogre
 10093 | Orc:1    | Killed a two-headed ogre
 10105 | Orc:1    | Killed an orc high priest
 10110 | Orc:1    | Found a roughly hewn altar of Beogh.
 10636 | Orc:1    | Reached skill level 1 in Invocations
 10779 | Orc:2    | Entered Level 2 of the Orcish Mines
 10779 | Orc:2    | Found a staircase to the Elven Halls.
 10857 | Orc:2    | Found a roughly hewn altar of Beogh.
 10861 | Orc:2    | Reached skill level 10 in Fighting
 11250 | Orc:2    | Noticed an orc high priest
 11539 | Orc:2    | Killed an orc high priest
 11539 | Orc:2    | Reached skill level 10 in Shields
 11595 | Orc:2    | Noticed an orc warlord
 11624 | Orc:1    | Killed an orc warlord
 11920 | Orc:2    | Paralysed by an orc sorcerer for 5 turns
 11935 | Orc:2    | Mangled by an ice devil

Skill      XL: |  1  2  3  4  5  6  7  8  9 10 11 12 |
---------------+-------------------------------------+-----
Axes           | 3 4 6 8 9 11 13 15 | 15.6
Fighting       | 4 5 7 8 9 10 | 10.6
Armour         | 4 6 7 8 9 |  9.4
Shields        | 4 5 6 7 8 9 10 | 10.1
Dodging        | 1 |  1.4
Evocations     | 2 5 6 |  6.7
Invocations    | 1 |  1.4
Stealth        | |  0.5

Action                   |  1- 3 |  4- 6 |  7- 9 | 10-12 || total
-------------------------+-------+-------+-------+-------++-------
Melee: War axe           |    59 |   202 |   204 |   516 ||   981
Invok: Divine Shield     |       |       |       |     2 ||     2
 Abil: Evoke Berserk Rag |       |       |     1 |     4 ||     5
       Evoke Blink       |       |       |       |     1 ||     1
  Use: Scroll            |     2 |     8 |     7 |     4 ||    21
       Potion            |       |     2 |     1 |       ||     3
  Eat: Chunk             |       |     6 |    11 |    15 ||    32
       Ration            |       |       |       |     3 ||     3
Armor: Scale mail        |    35 |    10 |       |       ||    45
       Plate armour      |       |   140 |   106 |   151 ||   397
Dodge: Dodged            |    17 |    38 |    36 |    67 ||   158
Block: Shield            |    29 |   147 |   116 |   355 ||   647
